 Dungeon Crawl Stone Soup version 0.28.0 (webtiles) character file.

Game seed: 17471372980154334876

161 cbfl8 the Sneak (level 5, -1/46 HPs)
             Began as a Minotaur Delver on Feb 11, 2022.
             Was an Initiate of Trog.
             Engulfed by a steam dragon's steam (4 damage)
             ... on level 4 of the Dungeon.
             The game lasted 00:07:35 (4039 turns).

cbfl8 the Sneak (Minotaur Delver)                   Turns: 4039, Time: 00:07:35

Health: -1/46      AC:  9    Str: 19    XL:     5   Next: 19%
Magic:  4/4        EV:  8    Int:  7    God:    Trog [......]
Gold:   123        SH:  0    Dex: 11    Spells: 4/4 levels left

rFire   . . .      SeeInvis .   i - +2 whip (elec)
rCold   . . .      Faith    .   (no shield)
rNeg    . . .      Spirit   .   d - +0 chain mail
rPois   +          Reflect  .   (helmet restricted)
rElec   .          Harm     .   (no cloak)
rCorr   .          Rampage  .   (no gloves)
Will    .....                   (no boots)
Stlth   ..........              (no amulet)
HPRegen 0.15/turn               h - ring of poison resistance
MPRegen 0.09/turn               (no ring)

@: no status effects
A: horns 2, retaliatory headbutt
a: Renounce Religion


You were on level 4 of the Dungeon.
You worshipped Trog.
Trog was noncommittal.
You visited 1 branch of the dungeon, and saw 5 of its levels.

You collected 123 gold pieces.

Inventory:

Hand Weapons
 a - a +0 hand axe
 i - a +2 whip of electrocution (weapon)
Armour
 b - a +0 leather armour
 d - a +0 chain mail (worn)
 t - a +1 helmet of intelligence
Jewellery
 h - a ring of poison resistance (left hand)
Wands
 g - a wand of digging (3)
 j - a wand of iceblast (10)
Scrolls
 c - 2 scrolls of fog
 e - a scroll of fear
 l - 3 scrolls of identify {unknown}
 m - a scroll of amnesia {unknown}
 n - a scroll of enchant armour {unknown}
 o - 2 scrolls of enchant weapon {unknown}
 q - a scroll of noise {unknown}
Potions
 f - a potion of haste
 k - a potion of heal wounds {unknown}
 p - a potion of degeneration {unknown}
 r - a potion of curing {unknown}
 s - a potion of attraction {unknown}


   Skills:
 + Level 4.1 Fighting
 + Level 3.2(3.3) Axes
 + Level 1.1(2.3) Maces & Flails
 + Level 3.0 Armour
 + Level 2.4 Dodging
 + Level 5.0 Stealth


You had 4 spell levels left.
You didn't know any spells.
Your spell library contained the following spells:

 Spells                   Type           Power      Damage    Failure   Level
 Slow                     Hex            0%         N/A       99%         1
 Confusing Touch          Hex            0%         N/A       100%        3
 Vampiric Draining        Necr           0%         2d6       100%        3


Dungeon Overview and Level Annotations

Branches:
Dungeon (5/15)
 Temple: D:4-7

Altars:
Trog


Innate Abilities, Weirdness & Mutations

You have a pair of horns on your head.
You reflexively headbutt those who attack you in melee.


Message History

Trog accepts your kill.
You see here a quokka corpse.
HP restored.
You see here a +0 dagger.
There is a stone staircase leading down here.
You climb downwards.
There is a stone staircase leading up here.
Found a stone staircase leading down.
An endoplasm and a steam dragon come into view.
Found a scroll labelled SOLIZY UNUIROO.
The endoplasm quivers.
The steam dragon hisses angrily.
The steam dragon breathes steam at you. The ball of steam hits you.
You are engulfed in a cloud of scalding steam.
You are engulfed in a cloud of scalding steam.
The steam dragon bites you but does no damage.
The steam dragon closely misses you.
You closely miss the steam dragon. The steam dragon breathes steam at you.
The ball of steam hits you!
You hit the steam dragon but do no damage.
You punch the steam dragon, but do no damage.
You are engulfed in a cloud of scalding steam.
The steam dragon bites you but does no damage.
The steam dragon closely misses you.
You barely miss the steam dragon. Your headbutt misses the steam dragon.
The steam dragon completely misses you. You furiously retaliate!
You headbutt the steam dragon, but do no damage.
The steam dragon claws you.
You barely miss the steam dragon. The steam dragon bites you.
The steam dragon claws you but does no damage.
You hit the steam dragon but do no damage.
The steam dragon breathes steam at you. The ball of steam hits you!!
* * * LOW HITPOINT WARNING * * *
You whack the steam dragon!
The steam dragon is moderately wounded.
You are engulfed in a cloud of scalding steam.
You die...

#.# #<# #.# #.# #.#
## #.# #.# #.#
#.##########.##
##..D@ยงยงยง##...####
#.######.#.......#
#.## #.##......### #.
#.###....>... #.
#...........# ..
#####.......# D?
#'#...### #.J ......#
#.. ....###


You could see a steam dragon (catching breath).

Vanquished Creatures
  Jessica (D:2)
  Terence (D:2)
  Robin (D:3)
  3 adders
  A dart slug (D:1)
  3 orcs (D:4)
  4 ball pythons
  7 bats
  3 endoplasms
  4 giant cockroaches
  12 goblins
  4 hobgoblins
  2 jackals (D:2)
  4 quokkas
  A frilled lizard (D:1)
  6 kobolds
  7 rats
64 creatures vanquished.

Vanquished Creatures (others)
  An endoplasm (D:4)
1 creature vanquished.

Grand Total: 65 creatures vanquished

Notes
Turn   | Place    | Note
-------+----------+-------------------------------------------
     0 | D:5      | cbfl8 the Minotaur Delver began the quest for the Orb.
     0 | D:5      | Reached XP level 1. HP: 19/19 MP: 0/0
    99 | D:3      | Noticed Robin
   251 | D:4      | Reached XP level 2. HP: 12/27 MP: 1/1
   709 | D:3      | Reached XP level 3. HP: 33/33 MP: 2/2
  1083 | D:2      | Reached skill level 1 in Armour
  1083 | D:2      | Noticed Jessica
  1090 | D:2      | Killed Jessica
  1091 | D:2      | Reached XP level 4. HP: 35/40 MP: 3/3
  1314 | D:2      | Noticed Terence
  1326 | D:2      | Killed Terence
  1327 | D:2      | Reached skill level 5 in Stealth
  1964 | D:1      | Reached skill level 1 in Maces & Flails
  2737 | D:2      | Found a faded altar of an unknown god.
  3262 | D:3      | Found a bloodstained altar of Trog.
  3272 | D:3      | Became a worshipper of Trog the Wrathful
  3501 | D:3      | Reached XP level 5. HP: 46/46 MP: 4/4
  3537 | D:3      | Killed Robin
  4023 | D:4      | Noticed a steam dragon
  4039 | D:4      | Engulfed by a steam dragon's steam

Illustrated notes

Levels and vault maps discovered:
D:1:      minmay_arrival_radiant_lines, layout_basic, roderic_serpentine_path,
          grunt_decor_clamped
D:2:      layout_basic, ebering_ecumenical_altar_mist, uniq_jessica,
          uniq_terence
D:3:      minmay_angry_zag, layout_loops_corners, trog_book, uniq_robin
D:4:      layout_loops_corners, mainiacjoe_overflow_small_starburst,
          amethyst_killhole, minmay_goblin_kobold_house
D:5:      layout_basic, enter_ossuary_5, nicolae_concentric_dashed_squares_wild,
          uniq_prince_ribbit1, uniq_grinder

Skill      XL: |  1  2  3  4  5 |
---------------+----------------+-----
Armour         | 1 2 3 |  3.0
Fighting       | 4 |  4.1
Axes           | 3 |  3.2
Stealth        | 5 |  5.0
Maces & Flails | 1 |  1.1
Dodging        | |  2.4

Action                   |  1- 3 |  4- 6 || total
-------------------------+-------+-------++-------
Melee: Hand axe          |    43 |       ||    43
       Headbutt          |     8 |     6 ||    14
       Punch             |     2 |     2 ||     4
       Whip              |    10 |    69 ||    79
  Use: Scroll            |     1 |       ||     1
Armor: Chain mail        |    39 |    51 ||    90
Dodge: Dodged            |    23 |    41 ||    64
